 Dungeon Crawl Stone Soup version 0.29-a0-1006-g0dd7720b37 (webtiles) character file.

Game seed: 9262902522076114004

31 BritishOli the Trooper (level 3, 29/29 HPs)
             Began as a Demonspawn Fighter on Aug 6, 2022.
             Got out of the dungeon alive.
             The game lasted 00:00:58 (1622 turns).

BritishOli the Trooper (Demonspawn Fighter)         Turns: 1622, Time: 00:00:59

Health: 29/29      AC:  6    Str: 18    XL:     3   Next: 7%
Magic:  3/3        EV:  9    Int:  9    God:
Gold:   43         SH:  4    Dex: 12    Spells: 2/2 levels left

rFire   . . .      SeeInvis .   a - +0 long sword
rCold   . . .      Faith    .   c - +0 buckler
rNeg    . . .      Spirit   .   b - +0 scale mail
rPois   .          Reflect  .   (no helmet)
rElec   .          Harm     .   (no cloak)
rCorr   .          Rampage  .   (no gloves)
Will    .....                   (no boots)
Stlth   ..........              (no amulet)
HPRegen 0.09/turn               (no ring)
MPRegen 0.16/turn               (no ring)

@: no status effects
A: ignite blood 1, magic regeneration
a: no special abilities


You escaped.
You visited 1 branch of the dungeon, and saw 2 of its levels.

You collected 43 gold pieces.

Inventory:

Hand Weapons
 a - a +0 long sword (weapon)
Armour
 b - a +0 scale mail (worn)
 c - a +0 buckler (worn)
Scrolls
 e - 3 scrolls of teleportation {unknown}
 h - 2 scrolls of identify {unknown}
 i - a scroll of enchant weapon {unknown}
Potions
 d - a potion of might
 f - 2 potions of brilliance {unknown}
 g - a potion of curing {unknown}


   Skills:
 + Level 3.3 Fighting
 + Level 2.2 Long Blades
 + Level 3.0 Armour
 + Level 3.0 Shields


You had 2 spell levels left.
You didn't know any spells.
Your spell library was empty.

Dungeon Overview and Level Annotations

Branches:
Dungeon (2/15)

Altars:


Innate Abilities, Weirdness & Mutations

Your demonic aura sometimes causes spilled blood to erupt in flames.
You regenerate magic rapidly.


Message History

A kobold comes into view. It is wielding a +0 club.
The kobold shouts!
A kobold comes into view. It is wielding a +0 hand axe.
A ball python comes into view.
There are monsters nearby!
Found a dagger.
The ball python hisses angrily.
The kobold hits you but does no damage.
You barely miss the kobold. The kobold barely misses you.
You block the kobold's attack.
You hit the kobold.
You kill the kobold!
You block the kobold's attack.
You slash the ball python!
You kill the ball python!
The kobold barely misses you.
You barely miss the kobold. The kobold barely misses you.
The kobold hits you but does no damage.
You slash the kobold!
You kill the kobold!
No target in view!
No target in view!
(D) Dungeon
Where to? (Enter - D:2, ? - help)
There is a stone staircase leading up here.
You climb upwards.
There is a stone staircase leading down here.
(D) Dungeon
Where to? (Enter - D:1, ? - help)
Okay, then.
There is an open door here.
There is an open door here.
You see here a +0 dagger.
You see here a +0 ring mail.
There is an open door here.
There is an open door here.
There is a dry fountain, spattered with blood here.
There is a staircase leading out of the dungeon here.
Are you sure you want to leave the Dungeon?
This will make you lose the game!
You have escaped!

...###.######.# #.# #
#.............#
#.########
#.####.########
#......... #.####.#
########## #......#####
#.###......######## #.#
#...##.##⌠...⌠# #.#
#...##.##.....# #.#
#......##.>.@.# #)#
####..###.....#
########### #.#
#.####⌠...⌠#
#..........
#.#######..#.######
#.##♣#♣.♣.♣
........###.##..[.#
#.##....).# ....#####
###..##.# #.##♣.♣.♣.♣
...## #..#..#.#
#.##......# #.##
#.###.#.♣ #.##♣.♣.♣.♣
#.#
#..#..#♣♣♣♣♣♣.##.......


There were no monsters in sight!

Vanquished Creatures
  A dart slug (D:1)
  2 bats (D:1)
  3 endoplasms
  2 giant cockroaches (D:1)
  2 goblins (D:1)
  6 hobgoblins
  3 ball pythons
  2 frilled lizards (D:1)
  4 kobolds
  A rat (D:1)
26 creatures vanquished.

Vanquished Creatures (others)
  A plant (D:1)
1 creature vanquished.

Grand Total: 27 creatures vanquished

Notes
Turn   | Place    | Note
-------+----------+-------------------------------------------
     0 | D:1      | BritishOli the Demonspawn Fighter began the quest for the
                  | Orb.
     0 | D:1      | Reached XP level 1. HP: 18/18 MP: 1/1
   378 | D:1      | Gained mutation: Your demonic aura sometimes causes spilled
                  | blood to erupt in flames. [demonic ancestry]
   378 | D:1      | Reached XP level 2. HP: 24/24 MP: 2/2
   920 | D:1      | Found a faded altar of an unknown god.
  1445 | D:2      | Gained mutation: You regenerate magic rapidly. [demonic
                  | ancestry]
  1445 | D:2      | Reached XP level 3. HP: 29/29 MP: 3/3
  1622 | D:$      | Got out of the dungeon alive.

Illustrated notes

Levels and vault maps discovered:
D:1:      amcnicky_arrival_gap_in_the_tavern_cellar, layout_loops_corners,
          serial_forest, infiniplex_forest_end_3, infiniplex_forest_end_2,
          infiniplex_forest_end_2, infiniplex_forest_lined_room_2,
          infiniplex_forest_clump_diagonal, chequers_ecumenical_altar_island
D:2:      layout_basic, hangedman_decor_points

Skill      XL: |  1  2 |
---------------+-------+-----
Long Blades    | 2 |  2.2
Armour         | 3 |  3.0
Shields        | 3 |  3.0
Fighting       | |  3.3

Action                   || total
-------------------------++-------
Melee: Long sword        ||    75
Armor: Scale mail        ||    30
Dodge: Dodged            ||    33
Block: Buckler           ||    12

Table legend: (Time is in decaauts)
 A = Elapsed time spent in this place.
 B = Non-inter-level travel time spent in this place.
 C = Inter-level travel time spent in this place.
 D = Time resting spent in this place.
 E = Time spent auto-exploring this place.
 F = Levels seen in this place.
 G = Mean time per level.
                   A        B        C        D        E       F      G
               +--------+--------+--------+--------+--------+-----+--------+
         Total |   1650 |   1419 |    231 |      0 |   1245 |   2 |  825.0 |
       Dungeon |   1650 |   1419 |    231 |      0 |   1245 |   2 |  825.0 |
               +--------+--------+--------+--------+--------+-----+--------+

Top non-repeatable levels by time:
     D:1: 1544 daAuts
     D:2: 105 daAuts
